AoeStats
← Mo-Sacra

Arabia

510043596Analyzed
3v3 RM · 4d ago on Sep 29, 2026· 50m 53s· 6 players
Game mode
Random Map
Map size
Normal (6 player)
Population
200
Speed
Normal
Resources
Standard
Victory
Conquest
Starting age
Dark Age
Ending age
Imperial Age
RankedLock teamsTeams togetherTeam positionsShared explorationLock speedFull tech treeHidden civsTurbo modeCheats
Victory
Defeat
🇺🇸 Byzantines · United States
1190
+15
🇦🇷 Danes · Argentina
1188
+15
🇨🇦 Varangians · Canada
1141
+17
🇨🇴 Slavs · Colombia
1219
-19
🇨🇴 Teutons · Colombia
1216
-18
🇨🇴 Spanish · Colombia
1036
-10
chrisgrm
12:26 Feudal Age
10:43 Loom
13:56 Gold Mining
13:53 Double-Bit Axe
13:42 Man-at-Arms
20:06 Horse Collar
25:50 Castle Age
24:09 Scale Mail Armor
24:20 Forging
26:01 Wheelbarrow
25:12 Town Watch
25:43 Bloodlines
25:41 Scale Barding Armor
26:47 Husbandry
33:19 Chain Barding Armor
33:22 Hand Cart
33:40 Bow Saw
35:32 Gold Shaft Mining
36:15 Heavy Plow
37:57 Iron Casting
38:54 Iron Casting
41:05 Imperial Age
39:54 Devotion
41:26 Masonry
40:50 Long Swordsman
41:31 Squires
42:22 Plate Barding Armor
41:17 Cavalier
43:27 Blast Furnace
46:21 Two-Man Saw
48:09 Fletching
48:28 Murder Holes
48:45 Masonry
48:41 Siege Engineers
49:40 Conscription
49:15 Pikeman
Nidagumo
4:38 Loom
9:55 Feudal Age
11:12 Wheelbarrow
10:25 Double-Bit Axe
11:46 Horse Collar
16:18 Gold Mining
20:09 Castle Age
18:38 Scale Barding Armor
18:37 Padded Archer Armor
21:12 Bow Saw
21:12 Heavy Plow
21:28 Stone Mining
22:17 Scale Barding Armor
22:31 Leather Archer Armor
23:50 Hand Cart
23:32 Town Watch
27:28 Squires
27:33 Husbandry
27:44 Bloodlines
28:28 Scale Barding Armor
31:45 Town Patrol
31:12 Light Cavalry
37:09 Imperial Age
35:11 Forging
37:03 Iron Casting
39:46 Conscription
38:47 Elite Conquistador
39:00 Hussar
39:02 Cavalier
40:46 Chemistry
42:02 Chain Barding Armor
45:18 Ballistics
44:57 Fletching
45:44 Plate Barding Armor
44:37 Paladin
47:12 Bodkin Arrow
48:20 Blast Furnace
kenneth3011
6:32 Loom
9:39 Feudal Age
10:21 Double-Bit Axe
14:25 Wheelbarrow
14:47 Horse Collar
22:00 Fletching
27:40 Castle Age
25:35 Town Watch
28:45 Bodkin Arrow
30:46 Bow Saw
36:07 Hand Cart
35:49 Gold Mining
41:07 Imperial Age
40:20 Ballistics
41:16 Guard Tower
46:31 Chemistry
47:26 Conscription
47:06 Onager
Ahhh Harambe
7:07 Loom
10:00 Feudal Age
11:13 Horse Collar
12:14 Double-Bit Axe
21:05 Castle Age
20:20 Stone Mining
20:22 Gold Mining
22:10 Scale Barding Armor
22:16 Forging
25:37 Wheelbarrow
26:27 Sanctity
26:22 Heavy Plow
27:30 Pikeman
29:43 Hand Cart
31:02 Bow Saw
30:33 Elite Skirmisher
32:18 Thumb Ring
35:31 Imperial Age
34:41 Fletching
34:51 Padded Archer Armor
35:14 Chain Barding Armor
35:29 Iron Casting
34:54 Scale Mail Armor
37:25 Bodkin Arrow
39:00 Leather Archer Armor
38:45 Capped Ram
42:06 Theocracy
41:46 Block Printing
42:09 Crop Rotation
42:41 Two-Man Saw
42:36 Conscription
43:22 Ballistics
43:22 Bracer
43:53 Ring Archer Armor
44:04 Siege Ram
45:18 Elite Cataphract
48:41 Chemistry
47:44 Halberdier
49:56 Logistica
51:10 Gambesons
Mo-Sacra
9:08 Loom
11:07 Feudal Age
12:14 Horse Collar
13:59 Bloodlines
15:03 Man-at-Arms
16:29 Forging
16:26 Scale Barding Armor
18:28 Wheelbarrow
23:16 Castle Age
21:58 Double-Bit Axe
25:51 Bow Saw
26:01 Heavy Plow
34:03 Iron Casting
35:25 Chain Barding Armor
34:56 Fletching
36:01 Hand Cart
37:57 Bodkin Arrow
38:05 Husbandry
42:26 Imperial Age
40:05 Gold Mining
44:31 Blast Furnace
44:21 Conscription
44:40 Plate Barding Armor
44:45 Elite Jarl
46:44 Bracer
47:21 Light Cavalry
pity.grillo26
7:05 Loom
9:40 Feudal Age
9:49 Man-at-Arms
12:07 Arson
12:50 Double-Bit Axe
14:37 Fletching
16:48 Forging
23:53 Castle Age
22:23 Town Watch
24:33 Bodkin Arrow
24:59 Bow Saw
24:30 Horse Collar
24:48 Crossbowman
27:21 Wheelbarrow
28:27 Iron Casting
30:05 Gold Mining
30:31 Padded Archer Armor
31:44 Ballistics
33:40 Bloodlines
35:37 Gold Shaft Mining
35:38 Hand Cart
35:48 Husbandry
36:08 Leather Archer Armor
40:38 Imperial Age
41:01 Thumb Ring
42:23 Scale Barding Armor
44:44 Bracer
45:24 Chain Barding Armor
46:04 Blast Furnace
44:53 Light Cavalry
44:58 Capped Ram
47:05 Blast Furnace
47:29 Plate Barding Armor
49:02 Heavy Plow
Connection lost

Rejoining the realm…

Still unreachable

The connection could not be restored.

Session expired

The server has moved on; the page needs a fresh start.